 Dungeon Crawl Stone Soup version 0.17-a0-1625-g47e540b (webtiles) character file.

5278 Gorice the Archer (level 10, -2/75 HPs)
             Began as a Centaur Wanderer on Aug 1, 2015.
             Was an Elder of Okawaru.
             Slain by a yak (15 damage)
             ... on level 1 of the Lair of Beasts on Aug 2, 2015.
             The game lasted 00:52:21 (10082 turns).

Gorice the Archer (Centaur Wanderer)               Turns: 10082, Time: 00:52:21

Health: -2/75      AC: 11    Str: 18    XL:     10   Next: 36%
Magic:  12/12      EV:  9    Int: 11    God:    Okawaru [****..]
Gold:   671        SH:  0    Dex:  9    Spells: 0 memorised, 12 levels left

rFire  . . .     SeeInvis .     a - +2 falchion (elec)
rCold  + . .     Clarity  .     M - +3 leather armour {rC+}
rNeg   . . .     SustAt   .     (no shield)
rPois  .         Gourm    .     S - +0 helmet
rElec  .         Spirit   .     D - +0 cloak
rCorr  .         Warding  .     (no gloves)
rMut   .         Stasis   .     (no barding)
MR     +....                    k - amulet of rage
Stlth  +.........               (no ring)
                                y - ring of protection from magic

@: very quick, somewhat resistant to hostile enchantments, very unstealthy
A: hooves 3, deformed body, speed 2, tough skin 3
a: Heroism, Renounce Religion, Evoke Berserk Rage


You were on level 1 of the Lair of Beasts.
You worshipped Okawaru.
Okawaru was greatly pleased with you.
You were hungry.

You visited 3 branches of the dungeon, and saw 10 of its levels.

You collected 671 gold pieces.

Inventory:

Hand weapons
 a - a +2 falchion of electrocution (weapon)
   (You took it off an orc on level 3 of the Dungeon)
 b - a +0 shortbow of velocity
   (You took it off a centaur on level 5 of the Dungeon)
 B - a +0 blowgun
Missiles
 c - 5 tomahawks of returning
 z - 28 poisoned needles
 C - 139 arrows
 L - 19 tomahawks (quivered)
 U - 25 arrows of frost
 V - 2 poisoned arrows
 Y - a throwing net
Armour
 D - a +0 cloak (worn)
 M - a +3 leather armour of cold resistance (worn)
   (You took it off Eustachio on level 6 of the Dungeon)
 S - a +0 helmet (worn)
Jewellery
 k - an amulet of rage (around neck)
 m - an uncursed ring of fire
 y - a ring of protection from magic (left hand)
Scrolls
 v - 4 scrolls of remove curse
 G - 2 scrolls of fear {!r}
 K - 2 scrolls of teleportation {!r}
 O - 2 scrolls of fog
Potions
 e - a potion of cancellation {unknown}
 g - a potion of heal wounds {!q}
 p - 2 potions of curing
 q - 4 potions of might {!q}
 r - 3 potions of lignification {!q}
 s - a potion of agility {unknown}
 u - 2 potions of degeneration {unknown}
 w - a potion of flight {unknown}
 x - a potion of poison {unknown}
 W - a potion of resistance {unknown}
Comestibles
 l - 9 meat rations {!e}


   Skills:
 + Level 2.8 Fighting
 * Level 7.1 Long Blades
 - Level 11.6 Bows
 - Level 2.6 Throwing
 - Level 7.2 Armour
 - Level 1.5 Spellcasting
   Level 1.0 Translocations
   Level 1.7 Earth Magic


You had 12 spell levels left.
You didn't know any spells.

Dungeon Overview and Level Annotations

Branches:
Dungeon (8/15)             Temple (1/1) D:6            Lair (1/8) D:8

Altars:
Ashenzari
Cheibriados
Dithmenos
Elyvilon
Fedhas
Gozag
Kikubaaqudgha
Makhleb
Nemelex Xobeh
Okawaru
Qazlal
Ru
Sif Muna
Trog
Vehumet
Xom
Yredelemnul
Zin
The Shining One

Shops:
D:7 *


Innate Abilities, Weirdness & Mutations

You have hooves in place of feet.
Armour fits poorly on your strangely shaped body.
You cover ground very quickly.
You have extremely tough skin (AC +3).


Message History

You hit the yak but do no damage.
There is a sudden explosion of sparks!
You kick the yak.
The yak is severely wounded.
The yak gores you but does no damage.
You hit the yak.
There is a sudden explosion of sparks!
You kill the yak!
Okawaru accepts your kill.
You slash the yak! Your kick misses the yak.
The yak is moderately wounded.
The yak gores you!
Damage: 14 (max 14)
You hit the yak.
The yak is moderately wounded.
The yak barely misses you.
You barely miss the yak.
The yak is moderately wounded.
The yak barely misses you.
You hit the yak. Your kick misses the yak.
The yak is heavily wounded.
You hit the yak but do no damage.
The yak is heavily wounded.
The yak gores you!
* * * LOW HITPOINT WARNING * * *
Damage: 10 (max 14)
You are too injured to fight recklessly!
You are too injured to fight recklessly!
You are too injured to fight recklessly!
You are too injured to fight recklessly!
You hit the yak.
There is a sudden explosion of sparks!
You kick the yak, but do no damage.
The yak is severely wounded.
The yak closely misses you.
You barely miss the yak. Your kick misses the yak.
The yak is severely wounded.
The yak gores you but does no damage.
You hit the yak but do no damage. You kick the yak, but do no damage.
The yak is severely wounded.
The yak gores you but does no damage.
You barely miss the yak. You kick the yak.
The yak is severely wounded.
The yak misses you.
You closely miss the yak.
The yak is severely wounded.
The yak gores you!
* * * LOW HITPOINT WARNING * * *
Damage: 9 (max 14)
You slash the yak! Your kick misses the yak.
The yak is almost dead.
The yak gores you!
You die...

##P#.#.### ##....#
#####.## #.####
##P###....# ####.#
.(.......## #....#
#######..######..###
#.....#.#.....#
##..##......##.#
#..#####.......#
##@# ###.#..## ###Y#
#....... #P.(#
####.P.# #..## ....#
#...# .##.# #
######..#### #Y
#...((.....# ..(
#..((......# ....
##..(.......#


You could see a yak.

Vanquished Creatures
  A hill giant (D:8)
  A spiny frog (Lair:1)
  A spriggan (D:7)
  Sigmund (D:6)
  Eustachio (D:6)
  3 yaks (Lair:1)
  2 hungry ghosts (D:8)
  Edmund (D:6)
  A water moccasin (D:7)
  2 phantoms (D:7)
  4 orc warriors
  2 ogres (D:5)
  4 centaurs
  3 sky beasts
  3 giant frogs (D:7)
  A gnoll sergeant (D:5)
  6 scorpions
  8 killer bees
  A wasp zombie (D:6)
  2 crimson imps (D:7)
  2 giant frog skeletons
  3 hounds
  A jelly (D:6)
  Crazy Yiuf (D:5)
  2 iguanas (D:5)
  An orc priest (D:8)
  2 worker ants
  A centaur skeleton (D:8)
  8 orc wizards
  14 adders
  8 gnolls
  4 shadow imps
  3 oozes (D:1)
  An adder skeleton (D:5)
  2 worms
  A giant gecko (D:1)
  23 orcs
  8 hobgoblins
  3 jackals (D:6)
  7 kobolds
  A ball python (D:3)
  4 bats
  4 giant cockroaches
  6 goblins
  A jackal skeleton (D:8)
  3 quokkas
  9 rats
171 creatures vanquished.

Notes
Turn   | Place    | Note
--------------------------------------------------------------
     0 | D:1      | Gorice the Centaur Wanderer began the quest for the Orb.
     0 | D:1      | Gorice set off with: a +2 shortbow, 20 arrows, the Grimoire of Envenoming, Sif Muna's Papyrus of the Rocks, a +0 robe, a bread ration {!e}
     0 | D:1      | Reached XP level 1. HP: 14/14 MP: 3/3
     0 | D:1      | Identified the Grimoire of Envenoming
     0 | D:1      | Identified Sif Muna's Papyrus of the Rocks
    12 | D:1      | Reached skill level 3 in Bows
    95 | D:1      | Reached XP level 2. HP: 20/20 MP: 4/4
   225 | D:1      | Reached skill level 4 in Bows
   788 | D:1      | Reached XP level 3. HP: 18/26 MP: 5/5
   963 | D:2      | Reached skill level 5 in Bows
  1888 | D:3      | Reached XP level 4. HP: 29/33 MP: 6/6
  1924 | D:3      | Reached skill level 6 in Bows
  1946 | D:3      | HP: 9/33 [adder (2)]
  1949 | D:3      | HP: 2/33 [adder (4)]
  2273 | D:3      | Reached XP level 5. HP: 26/38 MP: 7/7
  2335 | D:3      | Reached skill level 7 in Bows
  3038 | D:4      | Reached skill level 8 in Bows
  3166 | D:5      | Entered Level 5 of the Dungeon
  3203 | D:5      | Reached XP level 6. HP: 40/45 MP: 8/8
  3235 | D:5      | Noticed an ogre
  3249 | D:5      | Noticed a sky beast
  3253 | D:5      | Killed an ogre
  3253 | D:5      | Reached skill level 9 in Bows
  3277 | D:5      | Killed a sky beast
  3444 | D:5      | Noticed Crazy Yiuf
  3476 | D:5      | Killed Crazy Yiuf
  3780 | D:5      | Reached skill level 10 in Bows
  3780 | D:5      | Reached XP level 7. HP: 50/50 MP: 9/9
  3797 | D:5      | Noticed a sky beast
  3889 | D:5      | Killed a sky beast
  3982 | D:5      | Noticed a centaur
  3984 | D:5      | HP: 12/50 [centaur/arrow (5)]
  3985 | D:5      | HP: 5/50 [centaur/arrow (1)]
  4298 | D:5      | Killed a centaur
  4298 | D:5      | Reached skill level 11 in Bows
  4713 | D:5      | Identified the Almanac of Nihilism
  4970 | D:6      | Found a staircase to the Ecumenical Temple.
  4995 | D:6      | Reached skill level 1 in Long Blades
  5002 | D:6      | Reached XP level 8. HP: 53/57 MP: 10/10
  5070 | Temple   | Entered the Ecumenical Temple
  5176 | Temple   | Became a worshipper of Warmaster Okawaru
  5289 | D:6      | Noticed Eustachio
  5315 | D:6      | Killed Eustachio
  5315 | D:6      | Reached skill level 2 in Armour
  5370 | D:6      | Found a white marble altar of Elyvilon.
  5497 | D:6      | Noticed Edmund
  5576 | D:6      | Reached skill level 2 in Long Blades
  5900 | D:6      | Reached skill level 3 in Armour
  5949 | D:6      | Killed Edmund
  5949 | D:6      | Acquired Okawaru's first power
  6043 | D:6      | Noticed Sigmund
  6056 | D:6      | Killed Sigmund
  6056 | D:6      | Reached skill level 3 in Long Blades
  6056 | D:6      | Reached skill level 4 in Armour
  6199 | D:7      | Found Teolla's General Store.
  6572 | D:7      | HP: 14/57 [centaur (4)]
  6575 | D:7      | HP: 4/57 [centaur (5)]
  6887 | D:7      | Reached XP level 9. HP: 62/62 MP: 11/11
  7092 | D:7      | Reached skill level 5 in Armour
  7187 | D:7      | Reached skill level 4 in Long Blades
  7578 | D:8      | Reached skill level 6 in Armour
  7770 | D:8      | Found a staircase to the Lair.
  7938 | D:7      | Reached skill level 5 in Long Blades
  8628 | D:7      | HP: 15/62 [killer bee (4)]
  8633 | D:7      | HP: 15/62 [poisoned by a killer bee]
  8635 | D:7      | HP: 7/62 [killer bee (7)]
  9052 | D:8      | Reached skill level 7 in Armour
  9141 | D:8      | HP: 15/62 [orc warrior/war axe (14)]
  9311 | D:8      | Upgraded the game from 0.17-a0-1617-gfba1302 to 0.17-a0-1625-g47e540b
  9430 | D:8      | Received a gift from Okawaru
  9430 | D:8      | Reached XP level 10. HP: 60/69 MP: 12/12
  9517 | D:8      | Noticed a hill giant
  9544 | D:8      | Killed a hill giant
  9544 | D:8      | Reached skill level 1 in Fighting
  9544 | D:8      | Reached skill level 6 in Long Blades
  9806 | Lair:1   | Entered Level 1 of the Lair of Beasts
  9907 | Lair:1   | Reached skill level 2 in Fighting
 10061 | Lair:1   | Reached skill level 7 in Long Blades
 10076 | Lair:1   | HP: 21/75 [yak (10)]
 10081 | Lair:1   | HP: 13/75 [yak (10)]
 10082 | Lair:1   | Slain by a yak

Vault maps used:
D:1:      dpeg_arrival_round_c
D:2:      first_bread, minmay_door_square, moated_statue
D:3:      grunt_ministairs_9, minmay_stone_trees_medium
D:5:      uniq_crazy_yiuf_cottage
D:6:      elyvilon_altar_1, minmay_temple_entry_grid, sigmund_edmund_badplayer,
          uniq_eustachio
D:7:      serial_shops, shop, the_bakery
D:8:      minmay_goldmine, lair_0_dummy
Temple:   kilobyte_greek_temple_18

Action                   |  1- 3 |  4- 6 |  7- 9 | 10-12 || total
-------------------------+-------+-------+-------+-------++-------
Melee: Falchion          |       |       |   225 |    38 ||   263
 Fire: Shortbow          |   105 |   132 |   241 |    44 ||   522
       Blowgun           |       |    12 |    38 |       ||    50
Throw: Stone             |       |     1 |     1 |       ||     2
       Tomahawk          |       |       |     3 |     3 ||     6
Invok: Heroism           |       |       |     1 |       ||     1
  Use: Scroll            |     9 |     3 |     4 |       ||    16
       Potion            |       |     1 |     5 |       ||     6
  Eat: Chunk             |     1 |     4 |    13 |     1 ||    19
       Beef jerky        |       |       |     3 |       ||     3

Table legend:
 A = Turns spent in this place as a percentage of turns spent in the entire game.
 B = Non-inter-level travel turns spent in this place as a percentage of non-inter-level travel turns spent in the entire game.
 C = Inter-level travel turns spent in this place as a percentage of turns spent in this place.
 D = Turns resting spent in this place as a percentage of non-inter-level travel turns spent in this place.
 E = Turns spent auto-exploring this place as a percentage of non-inter-level travel turns spent in this place.
 F = Non-inter-level travel turns spent in this place divided by the number of levels of this place that you've seen.
                   A       B       C       D       E      F
               +-------+-------+-------+-------+-------+----------------------
         Total | 100.0 | 100.0 |   0.4 |   1.7 |   3.9 | 374.8
       Dungeon |  95.0 |  95.0 |   0.4 |   1.6 |   3.9 | 445.1
        Temple |   0.6 |   0.6 |   4.5 |   0.0 |   4.8 |  21.0
          Lair |   4.4 |   4.4 |   0.0 |   2.4 |   3.0 | 166.0
               +-------+-------+-------+-------+-------+----------------------

Vault maps used:
D:1:      dpeg_arrival_round_c
D:2:      first_bread, minmay_door_square, moated_statue
D:3:      grunt_ministairs_9, minmay_stone_trees_medium
D:5:      uniq_crazy_yiuf_cottage
D:6:      elyvilon_altar_1, minmay_temple_entry_grid, sigmund_edmund_badplayer,
          uniq_eustachio
D:7:      serial_shops, shop, the_bakery
D:8:      minmay_goldmine, lair_0_dummy
Temple:   kilobyte_greek_temple_18
